 Dungeon Crawl Stone Soup version 0.22.1-2-g9c5b331 (webtiles) character file.

343 colophon the Sneak (level 6, -3/36 HPs)
             Began as a Kobold Enchanter on Dec 29, 2018.
             Slain by Edmund
             ... wielding a +0 flail of holy wrath
              (11 damage)
             ... on level 3 of the Dungeon.
             The game lasted 00:19:02 (4995 turns).

colophon the Sneak (Kobold Enchanter)               Turns: 4995, Time: 00:19:02

Health: -3/36      AC:  2    Str:  5    XL:     6   Next: 88%
Magic:  0/10       EV: 17    Int: 16    God:
Gold:   159        SH:  0    Dex: 18    Spells: 5/11 levels left

rFire    . . .     SeeInvis .   a - +1 dagger
rCold    . . .     Gourm    .   (shield restricted)
rNeg     . . .     Faith    .   b - +0 robe
rPois    .         Spirit   .   (no helmet)
rElec    .         Reflect  .   (no cloak)
rCorr    .         Harm     .   (no gloves)
MR       .....                  (no boots)
Stlth    +++.......             (no amulet)
HPRegen  0.12/turn              (no ring)
MPRegen  0.12/turn              (no ring)

@: no status effects
A: small, carnivore
a: no special abilities


You were on level 3 of the Dungeon.
You were full.

You visited 1 branch of the dungeon, and saw 4 of its levels.

You collected 159 gold pieces.

Inventory:

Hand Weapons
 a - a +1 dagger (weapon)
Missiles
 m - 40 bolts
Armour
 b - a +0 robe (worn)
 k - a +2 robe of cold resistance
 w - a +0 helmet
Jewellery
 o - an uncursed ring of magical power {unknown}
 p - an uncursed ring of stealth {unknown}
Wands
 u - a wand of digging (14)
 z - a wand of acid (6)
Scrolls
 c - 3 scrolls of teleportation
 g - a scroll of remove curse {unknown}
 h - a scroll of enchant armour {unknown}
 i - 2 scrolls of amnesia
 l - 2 scrolls of fog {unknown}
 q - a scroll of fear {unknown}
 s - a scroll of enchant weapon {unknown}
 y - 2 scrolls of identify {unknown}
Potions
 e - a potion of heal wounds {unknown}
 f - 2 potions of curing {unknown}
 j - a potion of mutation {unknown}
 n - a potion of cancellation {unknown}
 r - a potion of lignification {unknown}
 t - a potion of haste {unknown}
 v - a potion of magic {unknown}
 x - a potion of might {unknown}
Comestibles
 d - 8 rations


   Skills:
 + Level 2.8 Fighting
 + Level 3.8 Short Blades
 + Level 4.2 Dodging
 + Level 5.7 Stealth
 - Level 3.2 Spellcasting
 - Level 3.0 Hexes
 + Level 1.3 Ice Magic


You had 5 spell levels left.
You knew the following spells:

 Your Spells              Type           Power        Failure   Level  Hunger
a - Corona                Hex            ##.....      5%          1    None
b - Ensorcelled Hibernat  Hex/Ice        #.....       12%         2    ##.....
c - Confuse               Hex            ##......     16%         3    ###....

Your spell library contained the following spells:

 Spells                   Type           Power        Failure   Level  Hunger
 Tukima's Dance           Hex            ##......     16%         3    ###....
 Dazzling Spray           Conj/Hex       #.....       30%         3    ###....


Dungeon Overview and Level Annotations

Branches:
Dungeon (4/15)
 Temple: D:4-7

Altars:
Kikubaaqudgha
Qazlal
Ru
Sif Muna
Trog
Vehumet

Annotations:
D:3 Edmund


Innate Abilities, Weirdness & Mutations

You are small and have problems with some larger weapons.
You are carnivorous and can eat meat at any time.


Message History

The helpless Edmund fails to defend himself.
You skewer Edmund like a kebab!!!
Edmund is almost dead.
Edmund misses you.
You hit Edmund but do no damage.
Edmund is almost dead.
Edmund misses you.
You hit Edmund but do no damage.
Edmund is almost dead.
Edmund misses you.
You hit Edmund but do no damage.
Edmund is almost dead.
You barely miss Edmund.
Edmund is almost dead.
Edmund hits you with a flail of holy wrath!
* * * LOW HITPOINT WARNING * * *
You hit Edmund but do no damage.
Edmund is almost dead.
Edmund hits you with a flail of holy wrath!
You die...

#........##.........####...
#.#.......+.........'......
#.##...#.##.........####...
#.###..#.###.......## ##..
#.# ##.#.# ##.....## ##.
#.####.#.# ##...## #.
#........# ##'## ##.
######.########.#########..
#####.##.@@..#.##.....##.#
#........###.#.##.....##.#
#.###.##.# #..........##.#
#.# #.##.###>.........##.#
#.# #.##........#.....##.#
#.# #......###.####.####.#
#.# ####.### ### #......#
#.######.# ########
#...[....#


You could see Edmund.

Vanquished Creatures
  Sigmund (D:2)
  Terence (D:2)
  Jessica (D:2)
  Robin (D:3)
  A gnoll (D:1)
  5 adders
  2 dart slugs
  A leopard gecko (D:1)
  An orc (D:3)
  A ball python (D:1)
  6 giant cockroaches
  12 goblins (D:3)
  12 hobgoblins
  6 jackals
  8 kobolds
  A quokka (D:2)
  6 bats
  3 frilled lizards
  6 rats
75 creatures vanquished.

Notes
Turn   | Place    | Note
-------+----------+-------------------------------------------
     0 | D:1      | colophon the Kobold Enchanter began the quest for the Orb.
     0 | D:1      | Reached XP level 1. HP: 10/10 MP: 3/3
   100 | D:1      | Reached XP level 2. HP: 7/16 MP: 3/5
   108 | D:1      | Learned a level 2 spell: Ensorcelled Hibernation
   821 | D:1      | Reached skill level 1 in Fighting
   821 | D:1      | Reached XP level 3. HP: 12/20 MP: 1/6
   945 | D:1      | Learned a level 3 spell: Confuse
  1617 | D:2      | Noticed Sigmund
  1624 | D:2      | HP: 1/20 [Sigmund/scythe (10)]
  1626 | D:2      | Killed Sigmund
  1626 | D:2      | Reached skill level 5 in Stealth
  1626 | D:2      | Reached XP level 4. HP: 2/26 MP: 1/8
  1626 | D:2      | Reached XP level 5. HP: 2/30 MP: 1/9
  1969 | D:2      | Reached XP level 6. HP: 35/35 MP: 10/10
  2360 | D:2      | Noticed Jessica
  2367 | D:2      | Killed Jessica
  2825 | D:2      | Noticed Terence
  2831 | D:2      | Killed Terence
  2925 | D:2      | Reached skill level 1 in Ice Magic
  3403 | D:3      | Noticed Robin
  3585 | D:3      | Killed Robin
  3775 | D:3      | Found an ancient bone altar of Kikubaaqudgha.
  3840 | D:3      | Found a deep blue altar of Sif Muna.
  4111 | D:3      | Found a stormy altar of Qazlal.
  4167 | D:3      | Found a sacrificial altar of Ru.
  4168 | D:3      | Found a radiant altar of Vehumet.
  4169 | D:3      | Found a bloodstained altar of Trog.
  4520 | D:4      | Noticed a phantom
  4728 | D:4      | Noticed a phantom
  4769 | D:4      | Noticed Edmund
  4995 | D:3      | Slain by Edmund

Skill      XL: |  1  2  3  4  5  6 |
---------------+-------------------+-----
Fighting       | 1 2 |  2.8
Short Blades   | 2 3 |  3.8
Dodging        | 3 4 |  4.2
Stealth        | 5 |  5.7
Spellcasting   | 3 |  3.2
Ice Magic      | 1 |  1.3
Hexes          | |  3.0

Action                   |  1- 3 |  4- 6 || total
-------------------------+-------+-------++-------
Melee: Dagger            |    58 |   171 ||   229
 Cast: Corona            |     6 |     1 ||     7
       Ensorcelled Hiber |    21 |    46 ||    67
       Confuse           |     1 |     9 ||    10
  Use: Scroll            |       |     2 ||     2
 Stab: Sleeping          |    19 |    40 ||    59
       Distracted        |       |     1 ||     1
  Eat: Chunk             |    12 |    11 ||    23
Armor: Robe              |     3 |    14 ||    17
Dodge: Dodged            |    38 |   132 ||   170
